 Dungeon Crawl Stone Soup version 0.31.0-12-g77e489cdc1 (webtiles) character file.

Game seed: 8272152079524512725

672 H0rd4k the Insei (level 7, -1/46 HPs)
             Began as an Octopode Artificer on Feb 29, 2024.
             Slain by a phantom (5 damage)
             ... on level 5 of the Dungeon.
             The game lasted 00:03:42 (2898 turns).

H0rd4k the Insei (Octopode Artificer)               Turns: 2898, Time: 00:03:42

Health: -1/46      AC:  1    Str: 11    XL:     7   Next: 58%
Magic:  7/7        EV: 13    Int: 16    God:
Gold:   122        SH:  0    Dex: 12    Spells: 6/6 levels left

rFire   . .          .
                       - Unarmed
rCold   . . .        (no shield)
rNeg    . . .        (helmet restricted)
rPois   .            m - amulet of regeneration
rElec   .            (no ring)
rCorr   .            (no ring)
SInv    .            (no ring)
Will    .....        (no ring)
Stlth   +++          (no ring)
HPRegen 1.07/turn    (no ring)
MPRegen 0.10/turn    (no ring)
                     (no ring)

%: no passive effects
@: no status effects
A: almost no armour, amphibious, 8 rings, camouflage 1, gelatinous body 1,
(nimble swimmer 1), tentacles
a: no special abilities


You were on level 5 of the Dungeon.
You visited 1 branch of the dungeon, and saw 5 of its levels.
You also visited: Sewer.

You collected 122 gold pieces.

Inventory:

Hand Weapons
 s - a +1 dagger of pain
Missiles
 a - 10 poisoned darts
Jewellery
 m - an amulet of regeneration (around mantle)
 p - an amulet of faith
 u - an amulet of the acrobat
Talismans
 q - a serpent talisman
Wands
 b - a wand of flame (25) (quivered)
 c - a wand of charming (12)
 d - a wand of iceblast (1)
 y - a wand of mindburst (7)
Scrolls
 f - 5 scrolls of identify {unknown}
 g - a scroll of amnesia {unknown}
 h - a scroll of revelation {unknown}
 k - a scroll of vulnerability {unknown}
 l - a scroll of enchant weapon {unknown}
 o - a scroll of fear {unknown}
 r - a scroll of poison {unknown}
 v - 3 scrolls of fog {unknown}
 w - a scroll of silence {unknown}
 x - a scroll of blinking {unknown}
 z - a scroll of immolation {unknown}
 A - a scroll of teleportation {unknown}
Potions
 e - 2 potions of curing {unknown}
 i - a potion of cancellation {unknown}
 j - 2 potions of attraction {unknown}
 n - a potion of enlightenment {unknown}
 t - a potion of brilliance {unknown}


   Skills:
 + Level 3.4 Fighting
 - Level 2.3 Dodging
 - Level 1.3 Stealth
 + Level 7.1 Unarmed Combat
 - Level 3.2 Evocations


You had 6 spell levels left.
You didn't know any spells.
Your spell library contained the following spells:

 Spells                   Type           Power      Damage    Failure   Level
 Magic Dart               Conj           0%         1d3       26%         1
 Blink                    Tloc           0%         N/A       36%         2
 Call Imp                 Summ           0%         N/A       36%         2
 Ensorcelled Hibernation  Hex/Ice        0%         N/A       36%         2
 Lesser Beckoning         Tloc           0%         N/A       36%         2
 Gell's Gravitas          Tloc           0%         N/A       58%         3
 Passwall                 Erth           0%         N/A       58%         3
 Swiftness                Air            0%         N/A       58%         3
 Teleport Other           Tloc           0%         N/A       58%         3
 Vhi's Electric Charge    Tloc/Air       0%         N/A       94%         4
 Arcjolt                  Conj/Air       0%         1d10      100%        5
 Maxwell's Capacitive Co  Air            0%         ∞         100%        8


Dungeon Overview and Level Annotations

Branches:
Dungeon (5/15)              Sewer (visited)
 Temple: D:4-7

Altars:
Uskayaw

Annotations:
D:3 1 runed translucent door, exclusion: door, Crazy Yiuf
D:4 Edmund


Innate Abilities, Weirdness & Mutations

You cannot wear most types of armour.
You are amphibious.
You can wear up to eight rings at the same time.
Your skin changes colour to match your surroundings (Stealth+).
Your rubbery body absorbs attacks. (AC +1, EV +1)
((You are camouflaged when in or above water. (Stealth+)))
You have tentacles for arms and can constrict up to eight enemies at once.


Message History

You blink.
Your ogre misses the ufetubus. You barely miss the phantom.
Your squeeze misses the phantom.
The phantom is heavily damaged.
The phantom hits you but does no damage.
You bludgeon the phantom! You squeeze the phantom.
The phantom is severely damaged.
The phantom hits you.
The phantom blinks!
You blink.
You tentacle-slap the phantom.
The phantom is almost destroyed.
The phantom hits you.
The phantom blinks!
You blink.
You tentacle-slap the phantom.
The phantom is almost destroyed.
The ufetubus slips past you! The ufetubus hits you. The ufetubus misses you.
The phantom hits you!
The phantom blinks!
You blink.
You tentacle-slap the phantom but do no damage.
You squeeze the phantom.
The phantom is almost destroyed.
The phantom hits you!
The phantom blinks!
You blink.
You tentacle-slap the phantom. Your squeeze misses the phantom.
The phantom is almost destroyed.
Your ogre closely misses the ufetubus.
The phantom hits you.
The phantom blinks!
You blink.
You barely miss the phantom. Your squeeze misses the phantom.
The phantom is almost destroyed.
You closely miss the phantom. Your squeeze misses the phantom.
The phantom is almost destroyed.
The phantom hits you.
* * * LOW HITPOINT WARNING * * *
You closely miss the phantom.
The phantom is almost destroyed.
The ufetubus barely misses you. The ufetubus hits you.
* * * LOW HITPOINT WARNING * * *
The phantom hits you!
* * * LOW HITPOINT WARNING * * *
Your ogre hits the ufetubus with a +0 giant club!
The ufetubus dies!
You barely miss the phantom. Your squeeze misses the phantom.
The phantom is almost destroyed.
The phantom hits you.
You die...

##### .
########...######..
#...##...........
##...#....###.... ##
###..@.O........# #
.!..^.....W..........#
..5..####............#
.....##..............#
?......<#..#.........#
........#.##.........#
##...........<.##..###
#.##....###...##..#
#.......#. ....##...


You could see a phantom (ally target) and a friendly ogre (charmed).

Vanquished Creatures
  Eustachio (D:4)
  Menkaure (D:4)
  A crocodile (Sewer)
  An orc priest (D:4)
  Natasha (D:3)
  Ijyb (D:4)
  8 adders
  2 dart slugs
  6 orcs (D:4)
  7 ball pythons
  7 bats
  6 endoplasms
  5 giant cockroaches
  3 goblins
  8 hobgoblins
  6 jackals
  7 kobolds
  A quokka (D:2)
  3 frilled lizards
  2 rats
77 creatures vanquished.

Vanquished Creatures (collateral kills)
  An ogre (D:4)
  2 ufetubi (D:5)
  A kobold (D:4)
4 creatures vanquished.

Grand Total: 81 creatures vanquished

Notes
Turn   | Place    | Note
-------+----------+-------------------------------------------
     0 | D:1      | H0rd4k the Octopode Artificer began the quest for the Orb.
     0 | D:1      | Reached XP level 1. HP: 13/13 MP: 1/1
   221 | D:1      | Reached XP level 2. HP: 17/18 MP: 2/2
   338 | D:1      | Reached skill level 1 in Unarmed Combat
   751 | D:1      | Reached XP level 3. HP: 15/24 MP: 3/3
   994 | D:2      | Reached skill level 2 in Unarmed Combat
  1152 | D:2      | Reached XP level 4. HP: 18/29 MP: 4/4
  1320 | D:2      | Found a hide-covered altar of Uskayaw.
  1417 | D:2      | Reached skill level 3 in Unarmed Combat
  1981 | D:3      | Noticed Natasha
  1990 | D:3      | Killed Natasha
  1991 | D:3      | Reached skill level 4 in Unarmed Combat
  1991 | D:3      | Reached XP level 5. HP: 3/35 MP: 5/5
  2115 | D:3      | Found a runed translucent door.
  2116 | D:3      | Noticed Crazy Yiuf
  2269 | D:4      | Noticed Edmund
  2287 | D:4      | Noticed an ogre
  2288 | D:4      | Killed an ogre
  2308 | D:4      | Found a glowing drain.
  2311 | D:4      | Reached XP level 6. HP: 41/41 MP: 6/6
  2319 | Sewer    | Entered a sewer
  2404 | Sewer    | Reached skill level 5 in Unarmed Combat
  2638 | D:4      | Noticed Ijyb
  2641 | D:4      | Killed Ijyb
  2643 | D:4      | Noticed Menkaure
  2647 | D:4      | Killed Menkaure
  2648 | D:4      | Reached skill level 6 in Unarmed Combat
  2648 | D:4      | Reached XP level 7. HP: 36/46 MP: 7/7
  2649 | D:4      | Noticed Eustachio
  2656 | D:4      | Killed Eustachio
  2728 | D:4      | Reached skill level 7 in Unarmed Combat
  2873 | D:5      | Entered Level 5 of the Dungeon
  2898 | D:5      | Slain by a phantom

Illustrated notes

Levels and vault maps discovered:
D:1:      mainiacjoe_arrival_reflecting_pool, layout_loops_corners,
          serial_bayou, serial_bayou_pond_e, serial_bayou_pond_d,
          serial_bayou_pond_e, serial_bayou_lake_a, st_stairs_1,
          minmay_pentomino_t2
D:2:      layout_rooms, basic_altar
D:3:      layout_basic, uniq_crazy_yiuf_cottage, uniq_natasha
D:4:      layout_basic, portal_sewer_entry_d, minmay_misc_feat_columns,
          hangedman_abyss_or_decor_passed, uniq_menkaure, uniq_blork_the_orc,
          uniq_eustachio, uniq_ijyb, uniq_edmund
D:5:      layout_rooms, mainiacjoe_overflow_six_doors_small,
          grunt_qazlal_clouds, lightli_ossuary_entry_decrepit_ruins

Skill      XL: |  1  2  3  4  5  6  7 |
---------------+----------------------+-----
Unarmed Combat | 1 2 4 6 7 |  7.1
Fighting       | 2 3 |  3.4
Dodging        | |  2.3
Stealth        | |  1.3
Evocations     | |  3.2

Action                     |  1- 3 |  4- 6 |  7- 9 || total
---------------------------+-------+-------+-------++-------
  Melee: Unarmed           |    95 |    68 |    38 ||   201
         Constrict         |    20 |    18 |     9 ||    47
         Tentacles         |    13 |    16 |     7 ||    36
         Punch             |     1 |     2 |     1 ||     4
  Evoke: Wand              |       |    14 |     6 ||    20
   Stab: Sleeping          |     2 |     8 |     1 ||    11
 Armour: Skin              |    46 |    29 |    20 ||    95
  Dodge: Dodged            |    63 |    43 |    17 ||   123
